 Dungeon Crawl Stone Soup version bcrawl-1.21 (webtiles) character file.

Game seed: 1019848947725662525

48 Freyura the Skirmisher (level 3, -8/29 HPs)
             Began as a Demonspawn Chaos Knight on Feb 12, 2020.
             Was a Plaything of Xom.
             Mangled by Crazy Yiuf
             ... wielding a +4 quarterstaff of chaos
              (10 damage)
             ... on level 2 of the Dungeon.
             The game lasted 00:02:47 (1132 turns).

Freyura the Skirmisher (Demonspawn Chaos Knight)    Turns: 1132, Time: 00:02:48

Health: -8/29      AC:  8    Str: 12    XL:     3   Next: 50%
Magic:  0/3        EV:  9    Int: 13    God:    Xom [...*..]
Gold:   80         SH:  0    Dex: 13    Spells: 2/2 levels left

rFire    . . .     SeeInvis .   a - +0 mace (chaos)
rCold    . . .     Gourm    .   (no shield)
rNeg     . . .     Faith    .   h - +0 scale mail
rPois    .         Spirit   .   (no helmet)
rElec    .         Reflect  .   (no cloak)
rCorr    .         Harm     .   (no gloves)
MR       .....                  (no boots)
Stlth    ..........             (no amulet)
HPRegen  0.09/turn              (no ring)
MPRegen  0.08/turn              (no ring)

@: no status effects
A: icy blue scales 1
a: Renounce Religion


You were on level 2 of the Dungeon.
You worshipped Xom.
You were a favourite toy of Xom.
You were hungry.

You visited 1 branch of the dungeon, and saw 2 of its levels.

You collected 80 gold pieces.

Inventory:

Hand Weapons
 a - a +0 mace of chaos (weapon)
 g - a +0 whip
Armour
 b - a +2 leather armour
 h - a +0 scale mail (worn)
Scrolls
 c - 2 scrolls of remove curse {unknown}
 d - a scroll of fear {unknown}
 f - 2 scrolls of enchant weapon {unknown}
 i - a scroll of magic mapping {unknown}
 j - a scroll of blinking {unknown}
Comestibles
 e - a ration {!d}


   Skills:
 + Level 3.3 Fighting
 * Level 3.3 Maces & Flails
 + Level 2.2 Armour
 + Level 1.5 Dodging


You had 2 spell levels left.
You didn't know any spells.
Your spell library was empty.

Dungeon Overview and Level Annotations

Branches:
Dungeon (2/12)

Altars:

Annotations:
D:2 Crazy Yiuf


Innate Abilities, Weirdness & Mutations

You are partially covered in icy blue scales. (AC +2)


Message History

Crazy Yiuf says, "Against boredom even gods struggle in vain."
There is an open door here.
You hit Crazy Yiuf.
Crazy Yiuf flickers and vanishes!
Deactivating autopickup; reactivate with Ctrl-A.
Xom thinks this is hilarious!
Something hits you.
You feel your power leaking away.
You hit something. Something hits you. Something burns you.
You hit something. Something hits you.
You are electrocuted!
* * * LOW HITPOINT WARNING * * *
You closely miss something. Something hits you.
* * * LOW HITPOINT WARNING * * *
Something freezes you.
* * * LOW HITPOINT WARNING * * *
Something hits you.
* * * LOW HITPOINT WARNING * * *
Something burns you.
* * * LOW HITPOINT WARNING * * *
You hit something.
Nothing appears to happen.
Something hits you!
You die...

#.# #.# #.# #.#
#.# #.# #.#####
#### #..#.P##
###..)#
#....P.####.@{..#
##......#..##...#
###.P.#.### ####
#######


There were no monsters in sight!

Vanquished Creatures
  A gnoll (D:1)
  4 dart slugs (D:1)
  2 leopard geckos (D:1)
  2 bats (D:1)
  A giant cockroach (D:1)
  5 goblins (D:1)
  3 hobgoblins (D:1)
  A ball python (D:1)
  2 frilled lizards (D:1)
  6 kobolds
  3 rats (D:1)
30 creatures vanquished.

Notes
Turn   | Place    | Note
-------+----------+-------------------------------------------
     0 | D:1      | Freyura the Demonspawn Chaos Knight began the quest for the
                  | Orb.
     0 | D:1      | Reached XP level 1. HP: 18/18 MP: 1/1
    57 | D:1      | Reached skill level 1 in Dodging
   151 | D:1      | Gained mutation: You are partially covered in icy blue
                  | scales. (AC +2) [demonic ancestry]
   151 | D:1      | Reached XP level 2. HP: 11/24 MP: 2/2
   156 | D:1      | XOM: divination: detect creatures
   363 | D:1      | XOM: silly message
   388 | D:1      | XOM: harmless Erth miscast
   419 | D:1      | XOM: harmless Air miscast
   425 | D:1      | Reached XP level 3. HP: 24/29 MP: 3/3
   823 | D:1      | XOM: divination: detect items
  1034 | D:1      | XOM: cloud trail
  1122 | D:2      | Found a runed door.
  1126 | D:2      | Noticed Crazy Yiuf
  1131 | D:2      | HP: 1/29 [something (2)]
  1132 | D:2      | Mangled by Crazy Yiuf

Skill      XL: |  1 |
---------------+----+-----
Dodging        | 1 |  1.5
Maces & Flails | 3 |  3.3
Armour         | 2 |  2.2
Fighting       | |  3.3

Action                   || total
-------------------------++-------
Melee: Mace              ||   112
Armor: Leather armour    ||    21
       Scale mail        ||    28
Dodge: Dodged            ||    72
